SAA
RENO SILVER SOX @ LANCASTER FARMERS
08/21/2032
 
TOP OF THE 1ST
Reno Silver Sox batting - Pitching for Lancaster Farmers : RHP Montrell Baxa
Pitching: RHP Montrell Baxa
Batting: LHB Roberto Vázquez 0-0: Ball
1-0: Ball
2-0: Ball
3-0: Called Strike
3-1: Fly out, F4 (Popup, 4)
Batting: LHB Marcos Costa 0-0: Called Strike
0-1: Foul Ball, location: 2F
0-2: Foul Ball, location: 2F
0-2: Strikes out swinging
Batting: RHB Tumas Wenzu 0-0: DOUBLE (Line Drive, 7LD)
Batting: RHB Jong-beom Chang 0-0: Ball
1-0: Foul Ball, location: 2F
1-1: Ball
2-1: Swinging Strike
2-2: Strikes out looking
Top of the 1st over - 0 runs, 1 hit, 0 errors, 1 left on base; Reno 0 - Lancaster 0
BOTTOM OF THE 1ST
Lancaster Farmers batting - Pitching for Reno Silver Sox : RHP Edgardo Salas
Pitching: RHP Edgardo Salas
Batting: RHB José Xirau 0-0: Ball
1-0: Called Strike
1-1: Ball
2-1: Foul Ball, location: 2F
2-2: Ball
3-2: Foul Ball, location: 2F
3-2: Foul Ball, location: 2F
3-2: SINGLE (Groundball, 6M) (infield hit)
Batting: RHB Ramón Soto 0-0: Ball
Wild Pitch!
José Xirau to second
1-0: Called Strike
1-1: Swinging Strike
1-2: Strikes out looking
Batting: RHB Hsi-men King 0-0: Called Strike
0-1: Swinging Strike
0-2: Strikes out looking
Batting: RHB Bobson Dugnutt 0-0: Called Strike
0-1: Foul Ball, location: 2F
0-2: Strikes out looking
Bottom of the 1st over - 0 runs, 1 hit, 0 errors, 1 left on base; Reno 0 - Lancaster 0
TOP OF THE 2ND
Reno Silver Sox batting - Pitching for Lancaster Farmers : RHP Montrell Baxa
Batting: RHB George Albaugh 0-0: Foul Ball, location: 2F
0-1: Swinging Strike
0-2: Ball
1-2: SINGLE (Groundball, 6MD)
Batting: RHB Spartak Gonjarov 0-0: Ball
1-0: Ball
2-0: Ball
3-0: Base on Balls
George Albaugh to second
Batting: RHB Jean Lechuga 0-0: Ball
1-0: Foul Ball, location: 2F
1-1: Foul Ball, location: 2F
1-2: Strikes out swinging
Batting: RHB Juan Laguna 0-0: Called Strike
0-1: Ball
1-1: Foul Ball, location: 2F
1-2: Foul Ball, location: 2F
1-2: Ball
2-2: Ball
3-2: Foul Ball, location: 2F
3-2: SINGLE (Flyball, 7S)
George Albaugh to third
Spartak Gonjarov to second
Batting: RHB Landon Edwards 0-0: Ball
1-0: Called Strike
1-1: Ball
2-1: Swinging Strike
2-2: Foul Ball, location: 2F
2-2: Foul Ball, location: 2F
2-2: Strikes out swinging
Batting: LHB Roberto Vázquez 0-0: Called Strike
0-1: Foul Ball, location: 2F
0-2: Ball
1-2: Ball
2-2: Fly out, F7 (Flyball, 7)
Top of the 2nd over - 0 runs, 2 hits, 0 errors, 3 left on base; Reno 0 - Lancaster 0
BOTTOM OF THE 2ND
Lancaster Farmers batting - Pitching for Reno Silver Sox : RHP Edgardo Salas
Batting: LHB Tullu Amaad 0-0: Ball
1-0: Ball
2-0: Foul Ball, location: 2F
2-1: Ball
3-1: Base on Balls
Batting: LHB Katsunan Taketo 0-0: DOUBLE (Line Drive, 7LD)
Tullu Amaad to third
Batting: RHB Min-tae Yi 0-0: Ball
1-0: Ball
2-0: Called Strike
2-1: Ground out 3-1 (Groundball, 34)
Tullu Amaad scores
Katsunan Taketo to third
Batting: RHB Marcel Roks 0-0: Fly out, F7 (Flyball, 78D)
Runner from 3rd tags up, SCORES, throw made
Batting: RHB Jesús Herrera 0-0: Ball
1-0: Swinging Strike
1-1: Ball
2-1: Called Strike
2-2: SINGLE (Groundball, 2L) (infield hit)
Batting: RHB José Xirau 0-0: Ball
1-0: SINGLE (Line Drive, 6)
Jesús Herrera to second
Batting: RHB Ramón Soto 0-0: Ball
1-0: Called Strike
1-1: Ball
2-1: Foul Ball, location: 2F
2-2: Ball
3-2: Base on Balls
Jesús Herrera to third
José Xirau to second
Batting: RHB Hsi-men King 0-0: Fielders Choice at 2nd, 5-4 (Groundball, 56)
Bottom of the 2nd over - 2 runs, 3 hits, 0 errors, 3 left on base; Reno 0 - Lancaster 2
TOP OF THE 3RD
Reno Silver Sox batting - Pitching for Lancaster Farmers : RHP Montrell Baxa
Batting: LHB Marcos Costa 0-0: Called Strike
0-1: Foul Ball, location: 2F
0-2: Foul Ball, location: 2F
0-2: Foul Ball, location: 2F
0-2: Ball
1-2: Ground out 4-3 (Groundball, 4D)
Batting: RHB Tumas Wenzu 0-0: Ball
1-0: Foul Ball, location: 2F
1-1: Reached on error, E4 (Flyball, 4MD)
Batting: RHB Jong-beom Chang 0-0: Ball
1-0: Called Strike
1-1: Grounds into double play, 6-4-3 (Groundball, 6)
Top of the 3rd over - 0 runs, 0 hits, 1 error, 0 left on base; Reno 0 - Lancaster 2
BOTTOM OF THE 3RD
Lancaster Farmers batting - Pitching for Reno Silver Sox : RHP Edgardo Salas
Batting: RHB Bobson Dugnutt 0-0: Ball
1-0: Swinging Strike
1-1: Ground out 6-3 (Groundball, 6)
Batting: LHB Tullu Amaad 0-0: Ball
1-0: Ground out 4-3 (Groundball, 4M)
Batting: LHB Katsunan Taketo 0-0: Foul Ball, location: 2F
0-1: Ball
1-1: Ball
2-1: SINGLE (Line Drive, 89S)
Batting: RHB Min-tae Yi 0-0: SINGLE (Line Drive, 4)
Katsunan Taketo to second
Batting: RHB Marcel Roks 0-0: Foul Ball, location: 2F
0-1: Ball
1-1: Ball
2-1: Fielders Choice at 2nd, 5-4 (Groundball, 56)
Bottom of the 3rd over - 0 runs, 2 hits, 0 errors, 2 left on base; Reno 0 - Lancaster 2
TOP OF THE 4TH
Reno Silver Sox batting - Pitching for Lancaster Farmers : RHP Montrell Baxa
Batting: RHB George Albaugh 0-0: Called Strike
0-1: Ball
1-1: Swinging Strike
1-2: Ball
2-2: Strikes out swinging
Batting: RHB Spartak Gonjarov 0-0: Ball
1-0: Foul Ball, location: 2F
1-1: SOLO HOME RUN (Flyball, 9LD), Distance : 359 ft
Pitching: RHP Don Cantrell
Batting: RHB Jean Lechuga 0-0: Ball
1-0: Foul Ball, location: 2F
1-1: Ball
2-1: Foul Ball, location: 2F
2-2: Fly out, F3 (Popup, 3F)
Batting: RHB Juan Laguna 0-0: Called Strike
0-1: Ball
1-1: Ball
2-1: Swinging Strike
2-2: Strikes out swinging
Top of the 4th over - 1 run, 1 hit, 0 errors, 0 left on base; Reno 1 - Lancaster 2
BOTTOM OF THE 4TH
Lancaster Farmers batting - Pitching for Reno Silver Sox : RHP Edgardo Salas
Batting: RHB Jesús Herrera 0-0: Ball
1-0: Called Strike
1-1: Foul Ball, location: 2F
1-2: Strikes out swinging
Batting: RHB José Xirau 0-0: Foul Ball, location: 2F
0-1: Foul Ball, location: 2F
0-2: Ball
1-2: Ball
2-2: Ball
3-2: Fly out, F7 (Flyball, 7S)
Batting: RHB Ramón Soto 0-0: Ball
1-0: Called Strike
1-1: SINGLE (Flyball, 9LS)
Batting: RHB Hsi-men King 0-0: Ball
Ramón Soto steals 2nd base
1-0: Called Strike
1-1: Ball
2-1: Called Strike
2-2: Foul Ball, location: 2F
2-2: 2-RUN HOME RUN (Line Drive, 7D), Distance : 390 ft
Batting: RHB Bobson Dugnutt 0-0: Called Strike
0-1: Ball
1-1: Fly out, F7 (Line Drive, 78M)
Bottom of the 4th over - 2 runs, 2 hits, 0 errors, 0 left on base; Reno 1 - Lancaster 4
TOP OF THE 5TH
Reno Silver Sox batting - Pitching for Lancaster Farmers : RHP Don Cantrell
Batting: RHB Landon Edwards 0-0: Foul Ball, location: 2F
0-1: Called Strike
0-2: Foul Ball, location: 2F
0-2: Foul Ball, location: 2F
0-2: Hit by Pitch
Batting: LHB Roberto Vázquez 0-0: Called Strike
0-1: Ground out U3 (Groundball, 34S)
Landon Edwards to second
Batting: LHB Marcos Costa 0-0: Ground out 6-3 (Groundball, 6)
Batting: RHB Tumas Wenzu 0-0: Ball
1-0: Ball
2-0: Ball
3-0: Called Strike
3-1: Fly out, F8 (Flyball, 78D)
Top of the 5th over - 0 runs, 0 hits, 0 errors, 1 left on base; Reno 1 - Lancaster 4
BOTTOM OF THE 5TH
Lancaster Farmers batting - Pitching for Reno Silver Sox : RHP Edgardo Salas
Batting: LHB Tullu Amaad 0-0: Swinging Strike
0-1: Ground out 4-3 (Groundball, 4)
Batting: LHB Katsunan Taketo 0-0: Ball
1-0: Ball
2-0: Called Strike
2-1: Foul Ball, location: 2F
2-2: Ball
3-2: Foul Ball, location: 2F
3-2: Base on Balls
Batting: RHB Min-tae Yi 0-0: Ball
1-0: Called Strike
1-1: Ball
2-1: Fly out, F8 (Flyball, 8RD)
Batting: RHB Marcel Roks 0-0: Ball
1-0: Ball
2-0: Ball
3-0: Base on Balls
Katsunan Taketo to second
Batting: RHB Jesús Herrera 0-0: Ball
1-0: Called Strike
1-1: Fly out, F7 (Flyball, 7S)
Bottom of the 5th over - 0 runs, 0 hits, 0 errors, 2 left on base; Reno 1 - Lancaster 4
TOP OF THE 6TH
Reno Silver Sox batting - Pitching for Lancaster Farmers : RHP Don Cantrell
Batting: RHB Jong-beom Chang 0-0: Ball
1-0: Foul Ball, location: 2F
1-1: Foul Ball, location: 2F
1-2: Ball
2-2: Strikes out swinging
Batting: RHB George Albaugh 0-0: Ball
1-0: Ball
2-0: Ball
3-0: Called Strike
3-1: Base on Balls
Batting: RHB Spartak Gonjarov 0-0: Ball
1-0: Ball
2-0: Ball
3-0: Called Strike
3-1: Base on Balls
George Albaugh to second
Batting: RHB Jean Lechuga 0-0: Called Strike
0-1: SINGLE (Groundball, 4D)
George Albaugh to third
Spartak Gonjarov to second
Runner from 3rd tries for Home, SAFE, no throw
Batting: RHB Juan Laguna 0-0: Called Strike
0-1: Foul Ball, location: 2F
0-2: Ball
1-2: Foul Ball, location: 2F
1-2: Foul Ball, location: 2F
1-2: Ball
2-2: Grounds into double play, 6-4-3 (Groundball, 6)
Top of the 6th over - 1 run, 1 hit, 0 errors, 1 left on base; Reno 2 - Lancaster 4
BOTTOM OF THE 6TH
Lancaster Farmers batting - Pitching for Reno Silver Sox : RHP Edgardo Salas
Batting: RHB José Xirau 0-0: Called Strike
0-1: Ball
1-1: Ground out 1-3 (Groundball, 15S)
Batting: RHB Ramón Soto 0-0: Foul Ball, location: 2F
0-1: Ball
1-1: Ball
2-1: Called Strike
2-2: Foul Ball, location: 2F
2-2: Foul Ball, location: 2F
2-2: Ground out 3-1 (Groundball, 34S)
Batting: RHB Hsi-men King 0-0: Ball
1-0: SINGLE (Line Drive, 6D)
Pitching: RHP John Bailey
Batting: RHB Bobson Dugnutt 0-0: Called Strike
0-1: Swinging Strike
0-2: Foul Ball, location: 2F
0-2: Ball
1-2: Ball
Hsi-men King is caught stealing 2nd base
Bottom of the 6th over - 0 runs, 1 hit, 0 errors, 0 left on base; Reno 2 - Lancaster 4
TOP OF THE 7TH
Reno Silver Sox batting - Pitching for Lancaster Farmers : RHP Don Cantrell
Batting: RHB Landon Edwards 0-0: Ball
1-0: Ground out 5-3 (Groundball, 56S)
Batting: LHB Roberto Vázquez 0-0: Ball
1-0: Ball
2-0: Ball
3-0: Base on Balls
Batting: LHB Marcos Costa 0-0: Called Strike
0-1: Ball
1-1: Ball
2-1: Called Strike
2-2: Foul Ball, location: 2F
2-2: Fielders Choice at 2nd, 1-6 (Groundball, 13S)
Pitching: RHP Tim Sandaele
Batting: RHB Tumas Wenzu 0-0: Ball
1-0: Called Strike
1-1: Swinging Strike
1-2: Ball
Marcos Costa steals 2nd base
2-2: Ball
3-2: Fly out, F8 (Flyball, 8LD)
Top of the 7th over - 0 runs, 0 hits, 0 errors, 1 left on base; Reno 2 - Lancaster 4
BOTTOM OF THE 7TH
Lancaster Farmers batting - Pitching for Reno Silver Sox : RHP John Bailey
Batting: RHB Bobson Dugnutt 0-0: Ball
1-0: Called Strike
1-1: Ball
2-1: Called Strike
2-2: Foul Ball, location: 2F
2-2: Foul Ball, location: 2F
2-2: Strikes out swinging
Batting: LHB Tullu Amaad 0-0: Ball
1-0: Foul Ball, location: 2F
1-1: Ball
2-1: Called Strike
2-2: Foul Ball, location: 2F
2-2: SINGLE (Line Drive, 34D)
Batting: LHB Katsunan Taketo 0-0: Called Strike
0-1: Ball
1-1: Called Strike
1-2: Grounds into double play, 3-6-3 (Groundball, 3)
Bottom of the 7th over - 0 runs, 1 hit, 0 errors, 0 left on base; Reno 2 - Lancaster 4
TOP OF THE 8TH
Reno Silver Sox batting - Pitching for Lancaster Farmers : RHP Tim Sandaele
Batting: RHB Jong-beom Chang 0-0: Ball
1-0: Called Strike
1-1: Ball
2-1: Ball
3-1: Swinging Strike
3-2: Base on Balls
Batting: RHB George Albaugh 0-0: Ball
1-0: Called Strike
1-1: Ball
2-1: Reached on error, E8 (Flyball, 8LD)
Jong-beom Chang to third
Batting: RHB Spartak Gonjarov 0-0: Ball
1-0: Foul Ball, location: 2F
1-1: Called Strike
1-2: Foul Ball, location: 2F
1-2: Ball
2-2: Strikes out swinging
Batting: RHB Jean Lechuga 0-0: Ball
1-0: Ball
2-0: Foul Ball, location: 2F
2-1: Called Strike
2-2: Fly out, F8 (Flyball, 8LS)
Runner from 3rd tags up, SCORES, throw made
Batting: RHB Juan Laguna 0-0: Ball
1-0: Fly out, F4 (Popup, 34)
Top of the 8th over - 1 run, 0 hits, 1 error, 1 left on base; Reno 3 - Lancaster 4
BOTTOM OF THE 8TH
Lancaster Farmers batting - Pitching for Reno Silver Sox : RHP John Bailey
Batting: RHB Min-tae Yi 0-0: Ball
1-0: Ball
2-0: Ball
3-0: Called Strike
3-1: Foul Ball, location: 2F
3-2: Base on Balls
Batting: RHB Marcel Roks 0-0: Ball
1-0: Called Strike
1-1: Called Strike
1-2: Foul Ball, location: 2F
1-2: SINGLE (Line Drive, 78S)
Min-tae Yi to second
Batting: RHB Jesús Herrera 0-0: Ball
1-0: Bunted foul
1-1: Ball
2-1: Reached on error, E1 (Groundball, 15)
Min-tae Yi scores
Marcel Roks to third
Batting: RHB José Xirau 0-0: Foul Ball, location: 2F
0-1: Swinging Strike
0-2: Ball
1-2: Fly out, F5 (Line Drive, 5L)
Batting: RHB Ramón Soto 0-0: Ball
1-0: Fly out, F8 (Flyball, 89D)
Runner from 3rd tags up, SCORES, throw made
Jesús Herrera to third
Batting: RHB Hsi-men King 0-0: Called Strike
0-1: Ball
1-1: Swinging Strike
1-2: Fly out, F7 (Flyball, 78M)
Bottom of the 8th over - 2 runs, 1 hit, 1 error, 1 left on base; Reno 3 - Lancaster 6
TOP OF THE 9TH
Reno Silver Sox batting - Pitching for Lancaster Farmers : RHP Tim Sandaele
Pitching: LHP Mannus Dijkman
Batting: RHB Landon Edwards 0-0: SINGLE (Line Drive, 7S)
Batting: LHB Roberto Vázquez 0-0: Called Strike
0-1: Ball
1-1: Swinging Strike
1-2: Ball
2-2: Strikes out looking
Batting: LHB Marcos Costa 0-0: Ball
1-0: Ball
2-0: Called Strike
2-1: Ball
3-1: Foul Ball, location: 2F
3-2: SINGLE (Line Drive, 3D)
Landon Edwards to second
Batting: RHB Tumas Wenzu 0-0: Called Strike
0-1: Ball
1-1: DOUBLE (Flyball, 89D)
Landon Edwards scores
Marcos Costa to third
Batting: RHB Jong-beom Chang 0-0: Ball
1-0: Ball
2-0: Called Strike
2-1: Ball
3-1: Called Strike
3-2: Foul Ball, location: 2F
3-2: Ground out 1-3 (Groundball, 15S)
Batting: RHB George Albaugh 0-0: Swinging Strike
0-1: Called Strike
0-2: Strikes out swinging
Top of the 9th over - 1 run, 3 hits, 0 errors, 2 left on base; Reno 4 - Lancaster 6
Wednesday, September 19th, 2018 - OOTP Baseball 18.8 Build 76